 Dungeon Crawl Stone Soup version 0.28.0-49-g6dfe1f597d (webtiles) character file.

Game seed: 10422678327347859180

35 Gabide the Sneak (level 3, 0/30 HPs)
             Began as a Barachi Delver on May 19, 2022.
             Was an Initiate of Nemelex Xobeh.
             Slain by an adder (3 damage)
             ... on level 5 of the Dungeon.
             The game lasted 00:03:13 (567 turns).

Gabide the Sneak (Barachi Delver)                    Turns: 567, Time: 00:03:14

Health: 0/30       AC:  3    Str: 15    XL:     3   Next: 35%
Magic:  3/3        EV: 12    Int: 10    God:    Nemelex Xobeh [......]
Gold:   34         SH:  0    Dex: 13    Spells: 2/2 levels left

rFire   . . .      SeeInvis .   a - +0 falchion
rCold   . . .      Faith    .   (no shield)
rNeg    . . .      Spirit   .   b - +0 leather armour
rPois   .          Reflect  .   (no helmet)
rElec   .          Harm     .   (no cloak)
rCorr   .          Rampage  .   (no gloves)
Will    .....                   (no boots)
Stlth   +++.......              (no amulet)
HPRegen 0.10/turn               (no ring)
MPRegen 0.08/turn               (no ring)

@: lethally poisoned (0 -> -2), slow
A: amphibious, slowness 1, strong legs 1, +LOS
a: Hop, Renounce Religion, Draw Escape, Draw Destruction, Draw Summoning


You were on level 5 of the Dungeon.
You worshipped Nemelex Xobeh.
Nemelex Xobeh was noncommittal.
You visited 1 branch of the dungeon, and saw 3 of its levels.

You collected 34 gold pieces.

Inventory:

Hand Weapons
 a - a +0 falchion (weapon)
Armour
 b - a +0 leather armour (worn)
Wands
 g - a wand of digging (3)
Scrolls
 c - a scroll of fog


   Skills:
 - Level 4.0 Fighting
 + Level 3.1 Long Blades
 + Level 2.7 Dodging
 + Level 4.8 Stealth


You had 2 spell levels left.
You didn't know any spells.
Your spell library was empty.

Dungeon Overview and Level Annotations

Branches:
Dungeon (6/15)
 Temple: D:4-7

Altars:
Nemelex Xobeh

Annotations:
D:4 Menkaure, Robin
D:5 Edmund, Eustachio
D:6 exclusion: centaur


Innate Abilities, Weirdness & Mutations

You are amphibious.
You cover ground slowly.
You can hop short distances.
You have an extended range of vision and can be seen from far away.


Message History

Found a short sword.
Found a knobbly runed staff.
Found 27 stones.
You see here 27 stones.
Found a stone staircase leading up.
There is a stone staircase leading up here.
You climb upwards.
Robin shouts!
The goblin shouts!
The hobgoblin shouts! x2; The goblin shouts! x2
The adder hisses angrily.
The goblin shouts!
Menkaure shouts!
The hobgoblin shouts!
The goblin shouts! x2; The hobgoblin shouts!
The endoplasm quivers.
Found a scroll labelled VUUPOITETU and 12 gold pieces.
There is a stone staircase leading down here.
The adder misses you. The endoplasm freezes you.
You are frozen.
You climb downwards.
Level annotation: Edmund, Eustachio
There is a stone staircase leading up here.
Okay, then.
You aren't carrying any potions.
You hit the endoplasm.
The endoplasm is severely wounded.
The adder misses you. The endoplasm hits you.
You hit the endoplasm.
You kill the endoplasm!
The adder bites you.
* * * LOW HITPOINT WARNING * * *
The adder bites you.
* * * LOW HITPOINT WARNING * * *
The adder bites you.
* * * LOW HITPOINT WARNING * * *
You are poisoned.
The adder poisons you!
You aren't carrying any potions.
You hit the adder but do no damage.
* * * LOW HITPOINT WARNING * * *
You feel sick. The adder bites you.
You die...
Your body disappears without a glow.

#.# #.# #.#
#.# #(# #.##
#.# #..# #.#
##.# #.# #.#
#.# #.# ###
#.#########
#.#*##..
#..@Sg....#
#.#*...#
#########.#
#.##..##
#.###....###
#.@.....###.
#####..###._
##..###r
##..#+#
##..## ##..#


You could see an adder and a goblin.

Vanquished Creatures
  A hound (D:5)
  A dart slug (D:5)
  An endoplasm (D:5)
3 creatures vanquished.

Notes
Turn   | Place    | Note
-------+----------+-------------------------------------------
     0 | D:5      | Gabide the Barachi Delver began the quest for the Orb.
     0 | D:5      | Reached XP level 1. HP: 18/18 MP: 1/1
   154 | D:5      | Noticed a hound
   180 | D:5      | Killed a hound
   181 | D:5      | Reached XP level 2. HP: 7/25 MP: 2/2
   181 | D:5      | Reached XP level 3. HP: 8/30 MP: 3/3
   242 | D:5      | Noticed Eustachio
   401 | D:6      | Noticed a centaur
   464 | D:5      | Found a sparkling altar of Nemelex Xobeh.
   468 | D:5      | Became a worshipper of Nemelex Xobeh the Trickster
   478 | D:5      | Noticed Edmund
   561 | D:4      | Noticed Robin
   561 | D:4      | Noticed Menkaure
   567 | D:5      | Slain by an adder

Illustrated notes

Levels and vault maps discovered:
D:4:      layout_rooms, minitemple, uniq_robin, uniq_menkaure
D:5:      layout_loops_ring, nemelex_diamond_rough_becter, minmay_small_thing,
          uniq_edmund, uniq_eustachio
D:6:      layout_basic, gammafunk_ghost_smash

Skill      XL: |  1 |
---------------+----+-----
Fighting       | 4 |  4.0
Long Blades    | 3 |  3.1
Dodging        | |  2.7
Stealth        | |  4.8

Action                   || total
-------------------------++-------
Melee: Falchion          ||    23
 Abil: Hop               ||     1
  Use: Potion            ||     1
       Scroll            ||     2
Armor: Leather armour    ||     6
Dodge: Dodged            ||    33
